 Dungeon Crawl Stone Soup version 0.19-a0-1498-g0b85ae9 (webtiles) character file.

861 4thArraOfDagon the Grappler (level 7, -9/59 HPs)
             Began as a Troll Ice Elementalist on Sept 10, 2016.
             Was an Initiate of Cheibriados.
             Mangled by a wraith (13 damage)
             ... on level 7 of the Dungeon.
             The game lasted 00:09:35 (1477 turns).

4thArraOfDagon the Grappler (TrIE)                  Turns: 1477, Time: 00:09:36

Health: -9/59      AC:  4    Str: 18    XL:     7   Next: 71%
Magic:  16/16      EV: 10    Int: 14    God:    Cheibriados [......]
Gold:   147        SH:  0    Dex: 11    Spells: 0 memorised, 8 levels left

rFire  + . .     SeeInvis .       - Unarmed
rCold  + . .     Gourm    +     a - +0 robe
rNeg   . . .     Faith    .     (no shield)
rPois  .         Spirit   .     (helmet restricted)
rElec  .         Dismiss  .     (no cloak)
rCorr  .         Reflect  .     (gloves unavailable)
MR     .....     Harm     .     (boots unavailable)
Stlth  +.........               (no amulet)
                                h - ring of magical power
                                g - ring of Nuwk {rF+ rC+}

@: slowed, very slow
A: unfitting armour, claws 3, hooves 1, deformed body, fast metabolism 3,
gourmand, regeneration 1, shaggy fur 1, tough skin 2, MP-powered wands
a: Bend Time, Renounce Religion


You were on level 7 of the Dungeon.
You worshipped Cheibriados.
Cheibriados was noncommittal.
You were very full.

You visited 1 branch of the dungeon, and saw 8 of its levels.

You collected 147 gold pieces.

Inventory:

Armour
 a - a +0 robe (worn)
Jewellery
 g - the ring of Nuwk (left claw) {rF+ rC+}
   (You acquired it on level 7 of the Dungeon)

   [ring of protection from cold]

   It protects you from fire.
   It protects you from cold.
 h - a ring of magical power (right claw)
 k - an uncursed ring of protection from magic
Wands
 n - a wand of digging (24/24)
Scrolls
 d - a scroll of fear
 e - 2 scrolls of recharging
 i - a scroll of vulnerability {unknown}
 j - a scroll of magic mapping {unknown}
Books
 b - a book of Frost

   Spells                             Type                      Level
   a - Freeze                         Ice                          1
   b - Throw Frost                    Conjuration/Ice              2
   c - Ozocubu's Armour               Charms/Ice                   3
   d - Throw Icicle                   Conjuration/Ice              4
   e - Summon Ice Beast               Ice/Summoning                4
Comestibles
 c - 2 bread rations
 f - a meat ration
 l - a beef jerky


   Skills:
 - Level 1.5 Dodging
 - Level 1.1 Stealth
 * Level 8.7 Unarmed Combat
 - Level 1.2 Spellcasting
   Level 0.6 Conjurations
   Level 2.1 Ice Magic


You had 8 spell levels left.
You didn't know any spells.

Dungeon Overview and Level Annotations

Branches:
Dungeon (8/15)
 Temple: D:4-7         Lair: D:8-11

Altars:
Cheibriados
Uskayaw
Yredelemnul

Annotations:
D:3 Jessica; Leszczynek's ghost, amateur OgNe
D:8 Erica


Innate Abilities, Weirdness & Mutations

You are too large for most types of armour.
You have claws for hands.
Your metabolism is lightning-fast.
You like to eat raw meat.
Your natural rate of healing is unusually fast.
You are covered in fur. (AC +1)
You have very tough skin. (AC +2)
You have large cloven feet.
Armour fits poorly on your strangely shaped body.
You expend magic power (3 MP) to strengthen your wands.


Message History

You kick the wraith, but do no damage.
The wraith is severely damaged.
The wraith hits you.
* * * LOW HITPOINT WARNING * * *
Unknown command.
Unknown command.
Unknown command.
You closely miss the wraith. You kick the wraith, but do no damage.
The wraith is severely damaged.
The wraith hits you!
* * * LOW HITPOINT WARNING * * *
The wraith drains your vigour!
You feel as though you will be slow longer.
Unknown command.
Unknown command.
Unknown command.
You scratch the wraith. Your kick misses the wraith.
The wraith is severely damaged.
The wraith hits you!
You die...

## #..... ..# .#
#..#.# .# ##...##
#.# .# #.##.. .#
.....# #.# W#
#.#... .#####...#
#.##.# #.#...
........# #...#
#.#..# .######.#
#.# #.#..# .# #.#
#.# ##.#..# .# #.#
#W# #.#....# .#
#.# #@# ##..#..#..
## #.#
#.#######.###..###
#.#
#..............#
#.#
##########.....#
### #.# #######
... #.#
#.#.###.#####..
#.............#
###.#.....#####


You could see a wraith.

Vanquished Creatures
  An ice beast (D:7)
  An ogre (D:6)
  A big kobold (D:7)
  3 giant frogs
  A howler monkey (D:7)
  A giant frog zombie (D:6)
  2 orc priests (D:5)
  3 hounds
  An orc wizard (D:6)
  An iron imp (D:6)
  2 worker ants
  4 adders
  4 gnolls (D:5)
  2 giant geckos
  9 orcs
  4 goblins
  A hobgoblin (D:3)
  4 kobolds
  4 giant newts
49 creatures vanquished.

Notes
Turn   | Place    | Note
-------+----------+-------------------------------------------
     0 | D:1      | 4thArraOfDagon the Troll Ice Elementalist began the quest for the Orb.
     0 | D:1      | Reached XP level 1. HP: 16/16 MP: 1/1
    65 | D:2      | Reached skill level 1 in Unarmed Combat
   126 | D:3      | Found a basalt altar of Yredelemnul.
   182 | D:3      | Reached XP level 2. HP: 18/24 MP: 2/2
   195 | D:3      | Noticed a giant frog
   207 | D:3      | Killed a giant frog
   207 | D:3      | Reached skill level 3 in Unarmed Combat
   207 | D:3      | Reached XP level 3. HP: 28/31 MP: 3/3
   207 | D:3      | Reached XP level 4. HP: 35/39 MP: 4/4
   317 | D:3      | Reached skill level 4 in Unarmed Combat
   360 | D:3      | Noticed Leszczynek's ghost (amateur OgNe)
   372 | D:3      | Noticed Jessica
   470 | D:4      | Reached XP level 5. HP: 16/45 MP: 5/5
   593 | D:4      | Reached skill level 5 in Unarmed Combat
   641 | D:5      | Entered Level 5 of the Dungeon
   702 | D:5      | Gained mutation: Armour fits poorly on your strangely shaped body. [potion of mutation]
   702 | D:5      | Gained mutation: You have large cloven feet. [potion of mutation]
   702 | D:5      | Gained mutation: You expend magic power (3 MP) to strengthen your wands. [potion of mutation]
   811 | D:5      | Reached XP level 6. HP: 18/53 MP: 6/6
   855 | D:5      | Reached skill level 6 in Unarmed Combat
  1002 | D:6      | Reached skill level 7 in Unarmed Combat
  1002 | D:6      | Reached XP level 7. HP: 31/59 MP: 7/7
  1081 | D:6      | timbw: troll
  1084 | D:6      | Found a snail-covered altar of Cheibriados.
  1087 | D:6      | 4thArraOfDagon: hi
  1091 | D:6      | Became a worshipper of Cheibriados the Contemplative
  1156 | D:7      | timbw: I have been mean
  1160 | D:7      | 4thArraOfDagon: oh
  1161 | D:8      | Noticed Erica
  1249 | D:7      | timbw: I challanged charly to beat a Ce in <30k turns
  1286 | D:7      | timbw: you currently have the hs of 31k, with trog->tso
  1286 | D:7      | 4thArraOfDagon: did he accept the challenge
  1309 | D:7      | Reached skill level 8 in Unarmed Combat
  1316 | D:7      | timbw: he did start thinking about it, tried it a couple of times
  1316 | D:7      | 4thArraOfDagon: if yes then i guarantee 100+ centaur deaths at least
  1379 | D:7      | timbw: Ce is so bad
  1379 | D:7      | timbw: im amazed you had a 31k score
  1379 | D:7      | 4thArraOfDagon: centaur generally should have worst score if you would play every race optimally imo
  1379 | D:7      | 4thArraOfDagon: me too lol
  1380 | D:7      | Found a hide-covered altar of Uskayaw.
  1381 | D:7      | Noticed a hand axe
  1381 | D:7      | Noticed a dagger
  1385 | D:7      | timbw: you know
  1385 | D:7      | timbw: I think you centaur score
  1394 | D:7      | timbw: might be your best score
  1410 | D:7      | timbw: as in, the most difficult to beat
  1423 | D:7      | timbw: 31k centaur man
  1423 | D:7      | 4thArraOfDagon: yea
  1423 | D:7      | timbw: fucking centaur
  1423 | D:7      | timbw: centaur is so bad
  1423 | D:7      | timbw: at everything
  1423 | D:7      | 4thArraOfDagon: that should be on my tombstone
  1423 | D:7      | timbw: they are not good at fucking anything
  1423 | D:7      | 4thArraOfDagon: testimony
  1423 | D:7      | timbw: they suck
  1423 | D:7      | timbw: centaur SUCK
  1423 | D:7      | 4thArraOfDagon: no
  1423 | D:7      | 4thArraOfDagon: they are actually good
  1423 | D:7      | timbw: yes
  1423 | D:7      | timbw: no
  1423 | D:7      | 4thArraOfDagon: at being bad
  1423 | D:7      | timbw: yes
  1429 | D:7      | timbw: lol
  1458 | D:7      | Noticed a wraith
  1462 | D:7      | Identified a scroll of acquirement
  1463 | D:7      | Got a serpentine ivory ring
  1464 | D:7      | timbw: they are sneaky about it too
  1465 | D:7      | Identified the ring of Nuwk {rF+ rC+} (You acquired it on level 7 of the Dungeon)
  1473 | D:7      | timbw: they seam decent
  1474 | D:7      | timbw: fast movement speed, big hp etc
  1475 | D:7      | timbw: but no, they suck
  1477 | D:7      | Mangled by a wraith

Vault maps used:
D:1:      tarquinn_simple_flora_water_a
D:2:      ashenzari_conservatory_becter
D:3:      lemuel_coloured_pillars_altar, first_bread, eino_tiny_chamber,
          uniq_jessica
D:4:      kennysheep_opposing_triangles
D:5:      lemuel_crystal_altar, fedhas_altar_4, gup_ossuary_entry_pyramid,
          lemuel_flame_loot_1
D:6:      slow_altar_2
D:7:      dancing_weapons_uskayaw, minmay_guarded_unrand_finisher
D:8:      nicolae_overflow_hidden_temple, uniq_prince_ribbit1, uniq_erica

Skill      XL: |  1  2  3  4  5  6  7 |
---------------+----------------------+-----
Unarmed Combat | 1 3 4 5 7 8 |  8.7
Dodging        | |  1.5
Stealth        | |  1.1
Spellcasting   | |  1.2
Conjurations   | |  0.6
Ice Magic      | |  2.1

Action                   |  1- 3 |  4- 6 |  7- 9 || total
-------------------------+-------+-------+-------++-------
Melee: Unarmed           |    22 |   121 |    56 ||   199
       Kick              |       |    14 |    15 ||    29
       Punch             |       |     2 |     1 ||     3
  Use: Potion            |     1 |     4 |     1 ||     6
       Scroll            |       |    10 |     1 ||    11
  Eat: Chunk             |       |    13 |     6 ||    19
Armor: Robe              |     7 |    27 |     7 ||    41
Dodge: Dodged            |    20 |    57 |    20 ||    97
